 Dungeon Crawl Stone Soup version 0.29.1-2-gbd0b4ee654 (webtiles) character file.

Game seed: 13926373312206425638

4 witty the Magician (level 1, -1/13 HPs)
             Began as a Gnoll Hedge Wizard on Oct 31, 2022.
             Slain by a quokka (3 damage)
             ... on level 1 of the Dungeon.
             The game lasted 00:00:48 (970 turns).

witty the Magician (Gnoll Hedge Wizard)              Turns: 970, Time: 00:00:51

Health: -1/13      AC: 14    Str:  9    XL:     1   Next: 70%
Magic:  7/8        EV: -6    Int: 13    God:
Gold:   48         SH:  0    Dex: 11    Spells: 13/14 levels left

rFire   . . .      SeeInvis .   a - +0 dagger
rCold   . . .      Faith    .   (no shield)
rNeg    . . .      Spirit   .   h - +0 crystal plate armour
rPois   .          Reflect  .   c - +0 hat
rElec   .          Harm     .   (no cloak)
rCorr   .          Rampage  .   (no gloves)
Will    .....                   (no boots)
Stlth   ..........              (no amulet)
HPRegen 0.04/turn               (no ring)
MPRegen 0.11/turn               (no ring)

@: very slightly contaminated
A: fangs 1, strong nose, distributed training
a: no special abilities


You were on level 1 of the Dungeon.
You visited 1 branch of the dungeon, and saw 1 of its levels.

You collected 48 gold pieces.

Inventory:

Hand Weapons
 a - a +0 dagger (weapon)
Armour
 b - a +0 robe
 c - a +0 hat (worn)
 h - a +0 crystal plate armour (worn)
Magical Staves
 j - a staff of death
Scrolls
 e - 3 scrolls of fear {unknown}
 g - a scroll of amnesia {unknown}
 i - a scroll of magic mapping {unknown}
Potions
 d - a potion of magic
 f - a potion of brilliance {unknown}


   Skills:
 + Level 0.1 Fighting
 + Level 0.1 Short Blades
 + Level 0.1 Long Blades
 + Level 0.1 Axes
 + Level 0.1 Maces & Flails
 + Level 0.1 Polearms
 + Level 0.1 Staves
 + Level 0.1 Ranged Weapons
 + Level 0.1 Throwing
 + Level 0.1 Armour
 + Level 4.4 Dodging
 + Level 4.0 Stealth
 + Level 0.1 Shields
 + Level 0.1 Unarmed Combat
 + Level 7.0 Spellcasting
 + Level 2.0 Conjurations
 + Level 0.1 Hexes
 + Level 2.0 Summonings
 + Level 0.1 Necromancy
 + Level 2.0 Translocations
 + Level 0.1 Transmutations
 + Level 0.1 Fire Magic
 + Level 0.1 Ice Magic
 + Level 0.1 Air Magic
 + Level 0.1 Earth Magic
 + Level 0.1 Poison Magic
 + Level 0.2 Invocations
 + Level 0.1 Evocations


You had 13 spell levels left.
You knew the following spells:

 Your Spells              Type           Power      Damage    Failure   Level
a - Magic Dart            Conj           36%        1d4       100%        1

Your spell library contained the following spells:

 Spells                   Type           Power      Damage    Failure   Level
 Sandblast                Erth           8%         2d5       100%        1
 Slow                     Hex            16%        N/A       100%        1
 Blink                    Tloc           18%        N/A       100%        2
 Call Imp                 Summ           9%         N/A       100%        2
 Passwall                 Tmut/Erth      3%         N/A       100%        2
 Conjure Flame            Conj/Fire      7%         6-21      100%        3
 Mephitic Cloud           Conj/Pois/Air  6%         N/A       100%        3
 Stone Arrow              Conj/Erth      14%        3d7       100%        3


Dungeon Overview and Level Annotations

Branches:
Dungeon (1/15)

Altars:


Innate Abilities, Weirdness & Mutations

You have very sharp teeth.
Your uncanny sense of smell can sniff out nearby items.
Your experience applies equally to all skills.


Message History

There is an open door here.
You open the door.
There is an open door here.
There is an open door here.
There is an open door here.
There is an open door here.
There is an open door here.
There is an open door here.
There is an open door here.
You see here a +0 chain mail.
A quokka comes into view.
A quokka is nearby!
A quokka is nearby!
A quokka is nearby!
Unknown command.
You barely miss the quokka. You bite the quokka, but do no damage.
The quokka bites you but does no damage.
You hit the quokka but do no damage. The quokka bites you.
The quokka bites you but does no damage.
You miss the quokka.
The quokka twitches its whiskers.
The quokka bites you.
You hit the quokka. You bite the quokka, but do no damage.
The quokka is severely wounded.
The quokka bites you.
You barely miss the quokka.
The quokka is severely wounded.
The quokka bites you.
* * * LOW HITPOINT WARNING * * *
The quokka attacks as you move away!
The quokka bites you but does no damage.
Casting: Magic Dart (safe; 100% risk of failure)
Confirm with . or Enter, or press ? or * to list all spells.
Aiming: Magic Dart (safe; 100% risk of failure)
Press: ? - help, Shift-Dir - straight line, f - quokka
Aim: a quokka (severely wounded, 100% to hit)
You miscast Magic Dart.
You are very lightly contaminated with residual magic.
Nothing appears to happen.
The quokka bites you.
You die...

#+#####.#.#.##.#
.....##.#.#.##.#
.....##.#.#.##.#
.....##.#.#.##.#
........#.#.##.#
.....####.#.##.#
..)..####.#..#.########
...............#......#
#####.###.....##@###.##
............#.##r# #.#
#####.#######.##.# #.#
..........>.#.##.# #.#
..#.#.........##.# #.#
#.#.#...##..####.# #.#
#.#.#...##..# #.# #.#
#.#.#...##..# #.# #.#
#.#.#.......# #.# #.#


You could see a quokka.

Vanquished Creatures
  An endoplasm (D:1)
  A hobgoblin (D:1)
  A kobold (D:1)
  A rat (D:1)
4 creatures vanquished.

Notes
Turn   | Place    | Note
-------+----------+-------------------------------------------
     0 | D:1      | witty the Gnoll Hedge Wizard began the quest for the Orb.
     0 | D:1      | Reached XP level 1. HP: 13/13 MP: 8/8
   970 | D:1      | Slain by a quokka

Illustrated notes

Levels and vault maps discovered:
D:1:      dpeg_arrival_radiant, layout_basic, kennysheep_small_spiral,
          hangedman_decor_growths

Skill      XL: |  1 |
---------------+----+-----
Conjurations   | 2 |  2.0
Summonings     | 2 |  2.0
Translocations | 2 |  2.0
Fighting       | |  0.1
Short Blades   | |  0.1
Long Blades    | |  0.1
Axes           | |  0.1
Maces & Flails | |  0.1
Polearms       | |  0.1
Staves         | |  0.1
Ranged Weapons | |  0.1
Throwing       | |  0.1
Armour         | |  0.1
Dodging        | |  4.4
Stealth        | |  4.0
Shields        | |  0.1
Unarmed Combat | |  0.1
Spellcasting   | |  7.0
Hexes          | |  0.1
Necromancy     | |  0.1
Transmutations | |  0.1
Fire Magic     | |  0.1
Ice Magic      | |  0.1
Air Magic      | |  0.1
Earth Magic    | |  0.1
Poison Magic   | |  0.1
Invocations    | |  0.2
Evocations     | |  0.1

Action                   || total
-------------------------++-------
Melee: Dagger            ||     8
       Bite              ||     2
 Cast: Magic Dart        ||     6
Armor: Crystal plate arm ||     5
